[Event "Titled Tuesday Blitz July 18 Early 2023"]
[White "Makkar, Rajat"]
[Black "Akhayan, Ruben"]
[WhiteFideId "36016810"]
[BlackFideId "204439"]
[WhiteElo "2501"]
[BlackElo "2266"]
[Result "1-0"]
[Round "2"]
[TimeControl "180+2"]
[Date "2023.07.18"]
[WhiteClock "0:00:20"]
[BlackClock "0:00:12"]
[Board "169"]

1. d4 Nf6 2. c4 e6 3. Nf3 d5 4. Nc3 Be7 5. Bf4 O-O 6. e3 c5 7. dxc5 Bxc5 8. Rc1 Bb6 9. b4 a5 10. a3 axb4 11. axb4 Nc6 12. c5 Bc7 13. Bxc7 Qxc7 14. Qb3 e5 15. Nxd5 Nxd5 16. Qxd5 Nxb4 17. Qxe5 Qa5 18. Qc3 Na2 19. Qxa5 Rxa5 20. Ra1 Be6 21. Nd4 Rfa8 22. Nxe6 fxe6 23. Bc4 Nb4 24. Bxe6+ Kf8 25. Rxa5 Rxa5 26. Ke2 Rxc5 27. Rb1 Rb5 28. Kd2 Rb6 29. Bf5 g6 30. Be4 Rd6+ 31. Kc1 Nc6 32. Rxb7 Rf6 33. Bxc6 Rxc6+ 34. Kd2 h5 35. e4 Rc4 36. f3 Ra4 37. Rc7 Ra2+ 38. Rc2 Ra1 39. Ke3 Re1+ 40. Kf4 Rh1 41. h4 Kg7 42. Kg5 Rg1 43. Rc7+ Kf8 44. Kxg6 Rxg2+ 45. Kxh5 Rg3 46. Rc3 Rg1 47. Rc5 Rf1 48. Kg6 Rc1 49. Rxc1 1-0


[Site "https://www.chess.com"]

[Event "Titled Tuesday Blitz July 18 Early 2023"]
[White "MateoReyes"]
[Black "Zaichenko, Daria"]
[BlackFideId "4197453"]
[WhiteElo "2494"]
[BlackElo "2260"]
[Result "1-0"]
[Round "2"]
[TimeControl "180+2"]
[Date "2023.07.18"]
[WhiteClock "0:01:58"]
[BlackClock "0:01:58"]
[Board "171"]

1. Nf3 Nf6 2. d4 d5 3. c4 e6 4. Nc3 Be7 5. Bg5 O-O 6. e3 Ne4 7. Bxe7 Qxe7 8. Qc2 f5 9. Bd3 c6 10. O-O Nd7 11. Nd2 Ndf6 12. f3 Nxd2 13. Qxd2 e5 14. dxe5 Qxe5 15. cxd5 cxd5 16. Rfe1 Bd7 17. Ne2 Rae8 18. Nd4 f4 19. Nc2 fxe3 20. Nxe3 Qd4 21. Bxh7+ Kxh7 22. Qxd4 1-0


[Site "https://www.chess.com"]

[Event "Titled Tuesday Blitz July 18 Early 2023"]
[White "Postlmayer, Jakob"]
[Black "Peiris, T G M"]
[WhiteFideId "1643622"]
[BlackFideId "9901310"]
[WhiteElo "2494"]
[BlackElo "2252"]
[Result "1-0"]
[Round "2"]
[TimeControl "180+2"]
[Date "2023.07.18"]
[WhiteClock "0:00:41"]
[BlackClock "0:00:05"]
[Board "172"]

1. d4 e6 2. c4 f5 3. Nf3 Nf6 4. g3 Be7 5. Bg2 O-O 6. O-O d6 7. Nc3 a5 8. b3 Nc6 9. Bb2 e5 10. dxe5 dxe5 11. Nd5 e4 12. Nxe7+ Qxe7 13. Nd4 Nxd4 14. Qxd4 Be6 15. Rad1 Rfd8 16. Qe5 Ng4 17. Qc3 Nf6 18. f3 Qc5+ 19. Kh1 e3 20. Qe5 Qxe5 21. Bxe5 c6 22. Bf4 Re8 23. Rd3 a4 24. Rxe3 axb3 25. axb3 b5 26. Rc1 bxc4 27. bxc4 Ra4 28. Rec3 Bf7 29. Bf1 Nd7 30. Kg2 Nb6 31. e3 Rd8 32. R3c2 Ra7 33. Be5 Nd7 34. Bd6 Nf6 35. Bc5 Rad7 36. Bd4 Ne8 37. Kf2 h6 38. h4 Kh7 39. Be2 Nc7 40. Bb6 Ne6 41. Bxd8 Rxd8 42. Rb2 Nc5 43. Rb6 Be8 44. Ra1 Rd2 45. Ke1 Rc2 46. Kd1 Rb2 47. Rxb2 1-0


[Site "https://www.chess.com"]

[Event "Titled Tuesday Blitz July 18 Early 2023"]
[White "rikchessmx"]
[Black "kuanysh1981"]
[WhiteElo "2251"]
[BlackElo "2492"]
[Result "1-0"]
[Round "2"]
[TimeControl "180+2"]
[Date "2023.07.18"]
[WhiteClock "0:00:09"]
[BlackClock "0:01:24"]
[Board "173"]

1. e4 e5 2. Nf3 d6 3. Bc4 Be7 4. c3 Nf6 5. Qe2 O-O 6. h3 a6 7. Bb3 b5 8. d3 c5 9. Nbd2 Nc6 10. Nf1 h6 11. g4 Be6 12. Ng3 Na5 13. Bc2 Nh7 14. Nf5 Bg5 15. Be3 Bxe3 16. fxe3 b4 17. c4 Rb8 18. b3 Qf6 19. O-O g6 20. Ng3 Ng5 21. Nd4 Qd8 22. Nxe6 Nxe6 23. Rad1 Qh4 24. Kg2 Ng5 25. Rh1 Nc6 26. Rdf1 Rbe8 27. Qf2 Re6 28. Qe2 Rfe8 29. Qf2 Nd8 30. Ne2 Qxf2+ 31. Rxf2 R6e7 32. Rhf1 Nge6 33. h4 Kg7 34. Kg3 Rh8 35. Rf6 Nb7 36. R6f2 Rf8 37. d4 cxd4 38. exd4 exd4 39. Rd1 Nbc5 40. Nxd4 a5 41. Nxe6+ fxe6 42. Rxd6 Rxf2 43. Kxf2 Rc7 44. Ke3 Kf6 45. Rb6 a4 46. bxa4 Nd7 47. Rxb4 Ne5 48. Bb3 Nxg4+ 49. Kd4 Ne5 50. Rb6 g5 51. c5 gxh4 52. Rxe6+ Kg5 53. Rxe5+ Kg4 54. Be6+ Kg3 55. Kd5 h3 56. Rh5 h2 57. Rxh6 Rg7 58. Kd6 Kg2 59. e5 h1=Q 60. Bd5+ Kf2 61. Rxh1 Ke3 62. Rh2 Kd4 63. Rh4+ Kc3 64. e6 Rg6 65. Kd7 Rg5 66. Bb3 Rxc5 67. Rh3+ Kb4 68. e7 Re5 69. e8=Q Rxe8 70. Kxe8 Ka3 71. Rh6 Kb4 72. a5 Ka3 73. a6 Kb2 74. a7 Ka1 75. a8=Q Kb2 76. Qg2+ Ka1 77. Rh1# 1-0


[Site "https://www.chess.com"]

[Event "Titled Tuesday Blitz July 18 Early 2023"]
[White "Pajeken, Jakob Leon"]
[Black "Chemin, Justo Reinaldo"]
[WhiteFideId "12942839"]
[BlackFideId "2101580"]
[WhiteElo "2489"]
[BlackElo "2249"]
[Result "1-0"]
[Round "2"]
[TimeControl "180+2"]
[Date "2023.07.18"]
[WhiteClock "0:01:08"]
[BlackClock "0:01:02"]
[Board "174"]

1. Nf3 e6 2. c4 d5 3. e3 Nf6 4. b3 a6 5. Bb2 Nbd7 6. Nc3 Bd6 7. g3 c6 8. Bg2 b5 9. cxd5 cxd5 10. O-O Bb7 11. Rc1 O-O 12. Re1 Qe7 13. Nd4 Nc5 14. d3 Rfc8 15. Qd2 b4 16. Nce2 a5 17. Nb5 Ba6 18. Nxd6 Qxd6 19. Bxf6 gxf6 20. d4 Nd3 21. Rxc8+ Rxc8 22. Rd1 e5 23. h4 e4 24. Nf4 Nxf4 25. gxf4 Qc6 26. Bf1 Bxf1 27. Kxf1 Qc2 28. Kg2 Qxd2 29. Rxd2 f5 30. Re2 Kf8 31. Kg3 Ke7 32. Rb2 Rg8+ 33. Kh3 h5 34. Rc2 Rg1 35. Rc5 Rh1+ 36. Kg3 Rg1+ 37. Kh2 Rf1 38. Kg2 Rb1 39. Rxd5 Ke6 40. Re5+ Kf6 41. Rxa5 Rb2 42. Ra6+ Kg7 43. Kg3 Rb1 44. Ra7 Rg1+ 45. Kh2 Rf1 46. Kg2 Ra1 47. Ra4 Kg6 48. Rxb4 Rxa2 49. Rb6+ Kg7 50. b4 Rb2 51. Rb8 Kg6 52. b5 Kg7 53. b6 Rb3 54. b7 Rb2 55. d5 Kf6 56. d6 1-0


[Site "https://www.chess.com"]

[Event "Titled Tuesday Blitz July 18 Early 2023"]
[White "Putri, Regita Desyari"]
[Black "Taboas Rodriguez, Daniel"]
[WhiteFideId "7109083"]
[BlackFideId "2208466"]
[WhiteElo "2249"]
[BlackElo "2488"]
[Result "1-0"]
[Round "2"]
[TimeControl "180+2"]
[Date "2023.07.18"]
[WhiteClock "0:00:03"]
[BlackClock "0:00:10"]
[Board "175"]

1. e4 e5 2. Nf3 Nc6 3. Bb5 Nf6 4. d3 d6 5. O-O Bd7 6. c3 g6 7. Re1 Bg7 8. Nbd2 O-O 9. Nf1 Nh5 10. d4 Nxd4 11. Bxd7 Nxf3+ 12. Qxf3 Qxd7 13. Be3 b6 14. Rad1 f5 15. exf5 Qxf5 16. Qd5+ Qf7 17. Qc6 a5 18. Nd2 Rae8 19. Ne4 h6 20. a4 Nf6 21. Ng3 Qd7 22. Qc4+ Kh7 23. h3 Qf7 24. Qb5 Re7 25. b4 Ra8 26. Qc6 Qb3 27. Qxa8 axb4 28. cxb4 Qxb4 29. Rb1 Qa3 30. a5 bxa5 31. Ra1 Qb2 32. Qxa5 Qb8 33. Reb1 Qf8 34. Rb7 Qf7 35. Rc1 Nd5 36. Qd2 Nf4 37. Bxf4 exf4 38. Nf1 f3 39. g3 Be5 40. Rb3 Qf5 41. Nh2 Qxh3 42. Rxf3 c5 43. Qd5 Qd7 44. Re1 Kg7 45. Rfe3 Rf7 46. Nf3 Bxg3 47. fxg3 Qh3 48. Nh4 g5 49. Qg2 Qg4 50. Nf3 c4 51. Nh2 Qd4 52. Kh1 c3 53. Nf3 Qc5 54. Qc2 Rc7 55. Kg2 d5 56. Rd1 Qc6 57. Nd4 Qf6 58. Rdd3 h5 59. Nf3 g4 60. Nd4 Rf7 61. Re2 Qf1+ 62. Kh2 Qa1 63. Qxc3 Qf1 64. Ne6+ Kh6 65. Nf4 Rxf4 66. Qh8+ Kg6 67. Re6+ Kf7 68. Qxh5+ Kxe6 69. Qxd5+ Kf6 70. gxf4 Qf2+ 71. Qg2 Qh4+ 72. Kg1 Qe1+ 73. Qf1 Qg3+ 74. Rxg3 Kf5 75. Qb5+ Kxf4 76. Rg2 g3 77. Qc4+ Kg5 78. Rxg3+ Kf5 79. Qd5+ Kf6 80. Rf3+ Ke7 81. Qc6 Kd8 82. Qb7 Ke8 83. Ra3 Kd8 84. Ra8# 1-0


[Site "https://www.chess.com"]

[Event "Titled Tuesday Blitz July 18 Early 2023"]
[White "Luo, Terry"]
[Black "Samarth J Rao"]
[WhiteFideId "30931045"]
[BlackFideId "46652370"]
[WhiteElo "2481"]
[BlackElo "2246"]
[Result "0-1"]
[Round "2"]
[TimeControl "180+2"]
[Date "2023.07.18"]
[WhiteClock "0:00:17"]
[BlackClock "0:00:14"]
[Board "176"]

1. d4 d5 2. c4 c6 3. Nf3 Nf6 4. e3 e6 5. b3 Nbd7 6. Qc2 Bd6 7. Bb2 O-O 8. Bd3 b6 9. g4 Nxg4 10. Bxh7+ Kh8 11. Nc3 f5 12. Bg6 Ndf6 13. h3 Nh6 14. O-O-O Bd7 15. Ne5 Bxe5 16. dxe5 Ne4 17. f3 Nxc3 18. Bxc3 Qg5 19. Rdg1 Qxe3+ 20. Kb2 d4 21. Bd2 Qxe5 22. Qd3 f4 23. Be4 Nf5 24. Rg5 Qf6 25. Rhg1 Ng3 26. h4 e5 27. R1xg3 fxg3 28. Rh5+ Kg8 29. Bg5 Qe6 30. Bd2 g2 31. Rg5 Qh3 32. Bh7+ Kf7 33. Qg6+ Ke7 34. Rxe5+ Kd8 35. Qxg7 Kc7 36. Re7 Rae8 37. Bf4+ Kc8 38. Be4 g1=Q 39. Rxe8+ Rxe8 40. Qxg1 Qxh4 41. Bg3 Qh8 42. Kc2 Qf6 43. Qh2 Bf5 44. Kd3 Bxe4+ 45. fxe4 Qf3+ 46. Kxd4 Qxe4+ 47. Kc3 Qe3+ 48. Kb4 Qc5+ 49. Kc3 Re3+ 50. Kc2 Qf5+ 51. Kb2 Qf6+ 52. Kc2 Qc3+ 53. Kb1 Qd3+ 54. Kb2 Re2+ 55. Qxe2 Qxe2+ 56. Ka3 Qf3 57. Be1 Kb7 58. Bb4 c5 59. Bc3 Qc6 60. Kb2 a5 61. a3 a4 62. Kc2 axb3+ 63. Kxb3 Qf3 64. a4 Qe2 65. a5 bxa5 66. Bxa5 Qd3+ 67. Bc3 Kc6 68. Kb2 Qxc4 69. Bd2 Kb5 70. Bc3 Ka4 71. Kc2 Qb3+ 72. Kd2 Ka3 73. Be5 c4 74. Ke2 c3 75. Kf2 c2 76. Bf4 Qd3 77. Kg2 Kb2 78. Bg3 c1=Q 79. Bf2 Qcf1+ 80. Kh2 Qdh3# 0-1


[Site "https://www.chess.com"]

[Event "Titled Tuesday Blitz July 18 Early 2023"]
[White "Mathieu, Phileas"]
[Black "Joshi, Pankaj"]
[WhiteFideId "36048410"]
[BlackFideId "5006210"]
[WhiteElo "2479"]
[BlackElo "2242"]
[Result "1-0"]
[Round "2"]
[TimeControl "180+2"]
[Date "2023.07.18"]
[WhiteClock "0:01:51"]
[BlackClock "0:00:30"]
[Board "177"]

1. e4 c5 2. Nf3 d6 3. d4 cxd4 4. Qxd4 Nc6 5. Bb5 Bd7 6. Bxc6 Bxc6 7. Nc3 Nf6 8. Bg5 e6 9. O-O-O Be7 10. Qd3 O-O 11. Nd4 Rc8 12. f4 a6 13. Kb1 b5 14. f5 b4 15. Nxc6 Rxc6 16. Ne2 e5 17. c4 bxc3 18. Nxc3 Nxe4 19. Qxe4 1-0


[Site "https://www.chess.com"]

[Event "Titled Tuesday Blitz July 18 Early 2023"]
[White "Rakitic2010"]
[Black "Daniel_Salinas"]
[WhiteElo "2475"]
[BlackElo "2240"]
[Result "0-1"]
[Round "2"]
[TimeControl "180+2"]
[Date "2023.07.18"]
[WhiteClock "0:00:32"]
[BlackClock "0:00:36"]
[Board "178"]

1. e4 c5 2. Nf3 Nc6 3. d4 cxd4 4. Nxd4 Nf6 5. Nc3 d6 6. f3 e5 7. Nb3 Be6 8. Be3 d5 9. exd5 Nxd5 10. Nxd5 Qxd5 11. Qxd5 Bxd5 12. O-O-O Rd8 13. Nc5 Bxc5 14. Bxc5 f6 15. Bb5 Kf7 16. Rd2 Rd7 17. Rhd1 Rhd8 18. Bxc6 Bxc6 19. Bb4 g5 20. Bc5 h5 21. Bxa7 Rxd2 22. Rxd2 Ra8 23. Bc5 Rxa2 24. Rd8 Ra1+ 25. Kd2 Rh1 26. Rf8+ Ke6 27. Bb6 Rxh2 28. Bd8 Rxg2+ 29. Kd3 f5 30. Rf6+ Kd7 31. Bb6 h4 32. Rf7+ Ke6 33. Rh7 Bxf3 34. Bd8 Be4+ 35. Kc4 Rxc2+ 36. Kb5 Rxb2+ 37. Kc5 Rg2 38. Re7+ Kf6 39. Kd6 Rd2+ 40. Kc5 Rxd8 41. Rh7 g4 42. Rxh4 g3 43. Rh3 g2 44. Rg3 f4 45. Rg4 f3 46. Kb6 f2 47. Kc7 f1=Q 48. Rxe4 g1=Q 49. Kxd8 Qd3+ 50. Ke8 Qxe4 51. Kf8 Qg7+ 52. Ke8 Qe7# 0-1


[Site "https://www.chess.com"]

[Event "Titled Tuesday Blitz July 18 Early 2023"]
[White "Liu, Casper"]
[Black "Sarkar, Justin"]
[WhiteFideId "1454153"]
[BlackFideId "2010011"]
[WhiteElo "2472"]
[BlackElo "2239"]
[Result "1-0"]
[Round "2"]
[TimeControl "180+2"]
[Date "2023.07.18"]
[WhiteClock "0:01:37"]
[BlackClock "0:00:01"]
[Board "179"]

1. e4 c5 2. d4 d5 3. dxc5 dxe4 4. Qxd8+ Kxd8 5. Nc3 Nf6 6. Bg5 Bf5 7. O-O-O+ Nbd7 8. Nge2 Kc8 9. c6 bxc6 10. Nd4 Bg4 11. Rd2 Kb7 12. h3 Bh5 13. Nb3 h6 14. Be3 Bg6 15. Na5+ Kc7 16. Ba6 Rb8 17. Rhd1 e5 18. a3 Be7 19. b4 Nb6 20. b5 cxb5 21. Nxb5# 1-0


[Site "https://www.chess.com"]

[Event "Titled Tuesday Blitz July 18 Early 2023"]
[White "Rodriguez Fontecha, Marcos"]
[Black "laimis61"]
[WhiteFideId "2256576"]
[WhiteElo "2472"]
[BlackElo "2239"]
[Result "1-0"]
[Round "2"]
[TimeControl "180+2"]
[Date "2023.07.18"]
[WhiteClock "0:00:29"]
[BlackClock "0:00:00"]
[Board "180"]

1. e4 d6 2. Nc3 Nf6 3. g3 g6 4. Bg2 Bg7 5. Nge2 c5 6. d3 O-O 7. h3 Nc6 8. Be3 Ne8 9. Qd2 Nd4 10. Nd1 Nc7 11. c3 Nxe2 12. Qxe2 e5 13. O-O Be6 14. f4 Qd7 15. f5 gxf5 16. exf5 Bxf5 17. g4 Be6 18. Bxb7 Rab8 19. Be4 d5 20. Bf5 d4 21. Bg5 Nd5 22. c4 Ne7 23. Bxe7 Qxe7 24. Qe4 Bxf5 25. Rxf5 Rb6 26. b3 Rh6 27. Kg2 Qh4 28. Nf2 Rf6 29. Rf1 Rxf5 30. Qxf5 Qh6 31. Ne4 Qe3 32. Ng5 1-0


[Site "https://www.chess.com"]

[Event "Titled Tuesday Blitz July 18 Early 2023"]
[White "Kev4444444444"]
[Black "WindWhistler11"]
[WhiteElo "2234"]
[BlackElo "2467"]
[Result "0-1"]
[Round "2"]
[TimeControl "180+2"]
[Date "2023.07.18"]
[WhiteClock "0:00:26"]
[BlackClock "0:00:19"]
[Board "181"]

1. e4 e6 2. d4 d5 3. exd5 exd5 4. Bd3 Nf6 5. Nc3 Nc6 6. Nge2 Bb4 7. Be3 Bg4 8. f3 Bh5 9. Qd2 Qd7 10. O-O-O O-O-O 11. a3 Ba5 12. Kb1 Rhe8 13. Rhe1 Bg6 14. g4 Kb8 15. Ng3 Bb6 16. Nf5 Bxf5 17. Bxf5 Qd6 18. Bf4 Qf8 19. Ne2 Na5 20. Bd3 Re6 21. Qc3 Rc6 22. Qb4 Qg8 23. Bb5 Re6 24. Bg5 h6 25. Bh4 a6 26. Bd3 Nc6 27. Qc3 Qf8 28. Bf2 Na5 29. Nf4 Rc6 30. Qb4 Nc4 31. Qxf8 Rxf8 32. Ka2 Ba7 33. b3 Nd6 34. Kb2 Nb5 35. Bxb5 axb5 36. Re5 Rd6 37. Rde1 c6 38. Bg3 Kc8 39. c3 Rd7 40. Nd3 Bb8 41. Re7 Bxg3 42. hxg3 Kd8 43. Rxd7+ Nxd7 44. Ne5 Nxe5 45. Rxe5 Re8 46. Rxe8+ Kxe8 47. Kc2 Ke7 48. Kd3 g6 49. c4 Kf6 50. cxb5 cxb5 51. Kc3 h5 52. gxh5 gxh5 53. Kb4 Kg5 54. Kxb5 f5 55. Kb6 f4 56. gxf4+ Kxf4 57. Kxb7 h4 58. a4 h3 59. a5 h2 60. a6 h1=Q 61. a7 Qh7+ 62. Kb8 Qg8+ 63. Kb7 Qf7+ 64. Kb8 Qe8+ 65. Kb7 Qd7+ 66. Kb8 Qd8+ 67. Kb7 Qd7+ 68. Kb8 Qb5+ 69. Kc8 Qa6+ 70. Kb8 Qb6+ 71. Ka8 Kf5 72. f4 Ke6 73. f5+ Kd7 74. f6 Kc7 75. f7 Qb7# 0-1


[Site "https://www.chess.com"]

[Event "Titled Tuesday Blitz July 18 Early 2023"]
[White "Tomaszewski, Kacper"]
[Black "La Villa Rivas, Marlon Javier"]
[WhiteFideId "1127373"]
[BlackFideId "3519546"]
[WhiteElo "2462"]
[BlackElo "2230"]
[Result "1-0"]
[Round "2"]
[TimeControl "180+2"]
[Date "2023.07.18"]
[WhiteClock "0:00:11"]
[BlackClock "0:00:47"]
[Board "182"]

1. d4 Nf6 2. Nf3 c5 3. c3 cxd4 4. cxd4 d5 5. Nc3 Nc6 6. Bf4 a6 7. e3 Bf5 8. Qb3 b5 9. Ne5 Na5 10. Qd1 e6 11. Be2 Bd6 12. O-O O-O 13. g4 Bg6 14. f3 Nc4 15. b3 Na5 16. Qd2 Rc8 17. Qb2 Qe7 18. a3 b4 19. axb4 Bxb4 20. Rfc1 Rb8 21. Rxa5 Bxa5 22. Nc6 Qb7 23. Nxa5 Qb4 24. Bxb8 Qxa5 25. Bf4 h5 26. g5 Nh7 27. Na4 f6 28. Qc3 Qd8 29. gxf6 Qxf6 30. Nc5 Ng5 31. Nd7 Nh3+ 32. Kf1 Qh4 33. Bg3 Qg5 34. Nxf8 Kxf8 35. Qc8+ Be8 36. Qxe6 h4 37. Qxh3 hxg3 38. Qxg3 Qxe3 39. Rc7 Qxd4 40. Qd6+ Kg8 41. Qe6+ Kh7 42. Qf5+ Bg6 43. Qh3+ Kg8 44. Rc8+ Kf7 45. Qd7+ Kf6 46. Rc6+ Kg5 47. Qg4+ Qxg4 48. fxg4 d4 49. Rd6 d3 50. Rxd3 Bxd3 51. Bxd3 Kxg4 52. Bxa6 Kh3 53. Kg1 g5 54. b4 g4 55. b5 1-0


[Site "https://www.chess.com"]

[Event "Titled Tuesday Blitz July 18 Early 2023"]
[White "Semenova, Elena"]
[Black "Besedes, Danilo"]
[WhiteFideId "24125148"]
[BlackFideId "946796"]
[WhiteElo "2227"]
[BlackElo "2460"]
[Result "0-1"]
[Round "2"]
[TimeControl "180+2"]
[Date "2023.07.18"]
[WhiteClock "0:00:59"]
[BlackClock "0:02:00"]
[Board "183"]

1. e4 g6 2. d4 Bg7 3. Nc3 c6 4. f4 d5 5. e5 h5 6. g3 Nh6 7. Bd3 Bf5 8. Nge2 e6 9. Be3 Nd7 10. h3 Rc8 11. a4 a6 12. b4 Bf8 13. Rb1 b5 14. Bf2 Be7 15. O-O Bxh3 16. Re1 Bf5 17. axb5 axb5 18. Nc1 h4 19. Bxf5 hxg3 20. Bxg3 Nxf5 0-1


[Site "https://www.chess.com"]

[Event "Titled Tuesday Blitz July 18 Early 2023"]
[White "JonSnowNW1"]
[Black "Vaglio Munoz, Jaime"]
[BlackFideId "6500145"]
[WhiteElo "2460"]
[BlackElo "2226"]
[Result "0-1"]
[Round "2"]
[TimeControl "180+2"]
[Date "2023.07.18"]
[WhiteClock "0:00:00"]
[BlackClock "0:00:56"]
[Board "184"]

1. c4 c6 2. e4 a6 3. c5 e5 4. Nf3 Qc7 5. d4 exd4 6. Qxd4 d6 7. cxd6 Qxd6 8. Be3 Nf6 9. Nc3 Qb4 10. Bc4 b5 11. Bd3 Be6 12. O-O Nbd7 13. e5 Qxd4 14. Bxd4 Nd5 15. Ng5 Nf4 16. Be4 Rc8 17. Be3 Nd5 18. Nxe6 Nxe3 19. Rfe1 fxe6 20. Rxe3 Bc5 21. Rg3 g6 22. Bc2 Rf8 23. Ne4 Be7 24. Bb3 Nxe5 25. Bxe6 Rc7 26. Rc3 c5 27. Re1 c4 28. h3 Nd3 29. Re2 Bb4 0-1


[Site "https://www.chess.com"]

[Event "Titled Tuesday Blitz July 18 Early 2023"]
[White "disciplinedbrat"]
[Black "Begunov, Konstantin"]
[BlackFideId "4118510"]
[WhiteElo "2222"]
[BlackElo "2459"]
[Result "0-1"]
[Round "2"]
[TimeControl "180+2"]
[Date "2023.07.18"]
[WhiteClock "0:00:08"]
[BlackClock "0:00:13"]
[Board "185"]

1. g3 d5 2. Bg2 c6 3. d3 Bg4 4. Nd2 Nd7 5. a3 e5 6. b4 Bd6 7. Bb2 Qe7 8. h3 Bh5 9. Rc1 Ngf6 10. c4 O-O 11. Ngf3 e4 12. dxe4 dxe4 13. Nd4 e3 14. Nf5 exf2+ 15. Kxf2 Qe6 16. g4 Bg6 17. Nxd6 Qxd6 18. Nf3 Ne4+ 19. Kg1 Qe7 20. Qd4 Ndf6 21. Ne5 Rad8 22. Qe3 Rd2 23. Nxg6 hxg6 24. Bxf6 Qxf6 25. Bxe4 Qb2 26. Kf2 Re8 27. Rb1 Qf6+ 28. Kg2 Rd4 29. Rhf1 Qe5 30. Qf3 Qxe4 31. e3 Rd2+ 32. Kg3 Qe5+ 33. Qf4 Qxe3+ 34. Rf3 Qxf4+ 35. Kxf4 f6 36. Re3 g5+ 37. Kf3 Rxe3+ 38. Kxe3 Rh2 39. Ke4 Rxh3 40. Kf5 Rxa3 41. Kg6 Re3 42. Rd1 Kf8 43. Rd7 Re7 44. Rd8+ Re8 45. Rd7 Re4 46. Rf7+ Ke8 47. Rxg7 Rxg4 48. Rxb7 Rxc4 49. Kxf6 g4 50. Ke6 Kf8 51. Kf6 Kg8 52. Kg6 Kf8 53. Kf6 Ke8 54. Ke6 Kd8 55. Kd6 Kc8 56. Rxa7 Kb8 57. Rc7 Rd4+ 58. Kxc6 Rc4+ 59. Kb6 Rxc7 0-1


[Site "https://www.chess.com"]

[Event "Titled Tuesday Blitz July 18 Early 2023"]
[White "Martin Barcelo, Carles"]
[Black "Pershina, Elena"]
[WhiteFideId "24561444"]
[BlackFideId "24147516"]
[WhiteElo "2458"]
[BlackElo "2206"]
[Result "1-0"]
[Round "2"]
[TimeControl "180+2"]
[Date "2023.07.18"]
[WhiteClock "0:00:06"]
[BlackClock "0:00:12"]
[Board "186"]

1. e4 c5 2. Nc3 Nc6 3. Bb5 Nd4 4. Nf3 g6 5. O-O Bg7 6. Nxd4 cxd4 7. Ne2 a6 8. Bd3 d6 9. c3 dxc3 10. dxc3 Nf6 11. Bg5 O-O 12. Qd2 b5 13. a4 Rb8 14. axb5 axb5 15. Nd4 Bd7 16. Qe2 Qb6 17. b4 Rfc8 18. Rfc1 h6 19. Be3 Qb7 20. f3 Kh7 21. Kh1 Nh5 22. Ra3 Be5 23. Rca1 Ra8 24. Bxb5 Rxa3 25. Rxa3 Bxb5 26. Qxb5 Qc7 27. Qd5 e6 28. Qa2 d5 29. exd5 Bxh2 30. Nb5 Qg3 31. Qf2 Qe5 32. Bd4 Qb8 33. d6 Bxd6 34. Nxd6 Qxd6 35. Qe3 Ng3+ 36. Kg1 Qc7 37. Be5 Qc4 38. Bxg3 Qd5 39. Qd4 Qxd4+ 40. cxd4 Rc1+ 41. Kf2 Rd1 42. Be5 Rb1 43. Ra8 g5 44. Rf8 Kg6 45. Rg8+ Kf5 46. g4# 1-0


[Site "https://www.chess.com"]

[Event "Titled Tuesday Blitz July 18 Early 2023"]
[White "Kiseleva, Arina"]
[Black "Baches Garcia, Guillermo"]
[WhiteFideId "4164989"]
[BlackFideId "2209764"]
[WhiteElo "2201"]
[BlackElo "2458"]
[Result "1/2-1/2"]
[Round "2"]
[TimeControl "180+2"]
[Date "2023.07.18"]
[WhiteClock "0:00:04"]
[BlackClock "0:00:20"]
[Board "187"]

1. d4 Nf6 2. c4 e6 3. Nf3 d5 4. Nc3 c5 5. cxd5 Nxd5 6. e4 Nxc3 7. bxc3 cxd4 8. cxd4 Bb4+ 9. Bd2 Bxd2+ 10. Qxd2 O-O 11. Be2 b6 12. O-O Bb7 13. Qe3 Nd7 14. Rfd1 Nf6 15. e5 Nd5 16. Qd2 Rc8 17. h4 Rc3 18. Rac1 Qc7 19. Rxc3 Qxc3 20. Rc1 Qxd2 21. Nxd2 Rc8 22. Rxc8+ Bxc8 23. g3 Kf8 24. Ne4 Ke7 25. a3 f6 26. f4 Bd7 27. Kf2 h6 28. Nd6 g5 29. hxg5 hxg5 30. fxg5 fxg5 31. Ne4 b5 32. Nxg5 a5 33. Ne4 b4 34. axb4 axb4 35. Bc4 Nb6 36. Bb3 Bc6 37. Nc5 Nd5 38. g4 Nf4 39. Bc4 Bd5 40. Bxd5 Nxd5 41. Kf3 Nc3 42. Nb3 Kf7 43. Kf4 Kg6 44. Ke3 Kg5 45. Kf3 Nd5 46. Kg3 Kg6 47. Kh4 Nf4 48. g5 Ne2 49. Kg4 Nc3 50. Kf4 Nd5+ 51. Kg4 Nc3 52. Kf4 Ne2+ 53. Kg4 Nc3 1/2-1/2


[Site "https://www.chess.com"]

[Event "Titled Tuesday Blitz July 18 Early 2023"]
[White "Vila Dupla, Aurelio"]
[Black "Aakanksha Hagawane"]
[WhiteFideId "2203383"]
[BlackFideId "25014510"]
[WhiteElo "2201"]
[BlackElo "2457"]
[Result "0-1"]
[Round "2"]
[TimeControl "180+2"]
[Date "2023.07.18"]
[WhiteClock "0:00:09"]
[BlackClock "0:00:14"]
[Board "188"]

1. Nf3 Nf6 2. d4 e6 3. g3 b6 4. Bg2 Bb7 5. O-O c5 6. c4 d5 7. Nc3 Be7 8. cxd5 exd5 9. b3 O-O 10. Bb2 Nc6 11. Re1 Re8 12. e3 Qd7 13. Ne5 Qe6 14. Rc1 Rad8 15. Nb5 Qf5 16. Nxc6 Bxc6 17. Nxa7 Bb7 18. Nb5 Ng4 19. Qf3 Qg6 20. h3 Nf6 21. Qe2 Ne4 22. Red1 h5 23. h4 Bf6 24. dxc5 bxc5 25. Bxf6 Qxf6 26. Rf1 Ba6 27. a4 Qb6 28. Qc2 f5 29. Qc3 Nxc3 0-1


[Site "https://www.chess.com"]

[Event "Titled Tuesday Blitz July 18 Early 2023"]
[White "Matyukov, Petr"]
[Black "Novikova, Margarita"]
[WhiteFideId "4103688"]
[BlackFideId "14109689"]
[WhiteElo "2452"]
[BlackElo "2199"]
[Result "1-0"]
[Round "2"]
[TimeControl "180+2"]
[Date "2023.07.18"]
[WhiteClock "0:00:08"]
[BlackClock "0:00:00"]
[Board "189"]

1. d4 e6 2. c4 Nf6 3. Nc3 Bb4 4. e3 c5 5. Ne2 d5 6. a3 cxd4 7. axb4 dxc3 8. Nxc3 O-O 9. cxd5 Nxd5 10. Nxd5 exd5 11. Bd3 Qe7 12. b5 d4 13. O-O dxe3 14. Bxe3 Rd8 15. Qc2 h6 16. Rxa7 Rxa7 17. Bxa7 Be6 18. Bb6 Rc8 19. Qe2 Nd7 20. Be3 Nc5 21. Bc4 Nb3 22. Bxe6 Qxe6 23. Qf3 Qd7 24. b6 Rc6 25. h3 Nd2 26. Qe2 Nxf1 27. Kxf1 Rd6 28. Kg1 Rd1+ 29. Kh2 Rd6 30. Qc4 Rc6 31. Qe4 Qe6 32. Qa4 Qe5+ 33. g3 Qe8 34. b4 Qc8 35. b5 Re6 36. Qd4 h5 37. Qc5 g6 38. Qxc8+ Kg7 39. Qxb7 1-0


[Site "https://www.chess.com"]

[Event "Titled Tuesday Blitz July 18 Early 2023"]
[White "Gatterer, Florian"]
[Black "Larina, Maria"]
[WhiteFideId "811688"]
[BlackFideId "24113182"]
[WhiteElo "2448"]
[BlackElo "2198"]
[Result "1/2-1/2"]
[Round "2"]
[TimeControl "180+2"]
[Date "2023.07.18"]
[WhiteClock "0:02:42"]
[BlackClock "0:02:17"]
[Board "190"]

1. Nf3 f5 2. b3 d6 3. d4 Nf6 4. Bb2 g6 5. g3 Bg7 6. Bg2 O-O 7. O-O c6 8. Nbd2 a5 9. a4 Na6 10. Re1 Ne4 11. Nxe4 fxe4 12. Nd2 d5 13. e3 Nb4 14. Ba3 1/2-1/2


[Site "https://www.chess.com"]

[Event "Titled Tuesday Blitz July 18 Early 2023"]
[White "Sankalan Shah"]
[Black "Tanmay Jain"]
[WhiteFideId "25600362"]
[BlackFideId "45015481"]
[WhiteElo "2190"]
[BlackElo "2447"]
[Result "0-1"]
[Round "2"]
[TimeControl "180+2"]
[Date "2023.07.18"]
[WhiteClock "0:00:00"]
[BlackClock "0:00:04"]
[Board "191"]

1. d4 Nf6 2. c4 e6 3. Nf3 d5 4. Nc3 Be7 5. Bf4 O-O 6. e3 b6 7. cxd5 exd5 8. Rc1 c5 9. dxc5 bxc5 10. Be2 Nc6 11. O-O Bb7 12. b3 d4 13. exd4 Nxd4 14. Nxd4 cxd4 15. Nb5 Qd5 16. f3 Bc5 17. Bc4 Qd7 18. Qd3 Bb6 19. Rfd1 Nd5 20. Bxd5 Bxd5 21. Nc7 Rac8 22. Nxd5 Qxd5 23. h3 h6 24. Kh2 Rfe8 25. Re1 Rcd8 26. Rcd1 Rxe1 27. Rxe1 Rc8 28. Rd1 Rd8 29. a4 Qa5 30. Bg3 Qb4 31. Be1 Qc5 32. Bf2 Qd5 33. b4 a6 34. a5 Bc7+ 35. Kh1 Qe5 36. g3 Qd5 37. Kg2 Bd6 38. Qxa6 Be5 39. Qd3 Rb8 40. b5 Rxb5 41. a6 Ra5 42. Rb1 g6 43. Rc1 Qd6 44. Rc8+ Kg7 45. f4 Bf6 46. Kh1 Rxa6 47. Kh2 Ra1 48. Rc4 Qd5 0-1


[Site "https://www.chess.com"]